 Dungeon Crawl Stone Soup version 0.27-a0-1196-g3e9cee4cb2 (webtiles) character file.

Game seed: 9163135187889627820

879 pilgrim the Shooter (level 7, -3/42 HPs)
             Began as a Deep Elf Hunter on May 27, 2021.
             Was a Follower of Okawaru.
             Slain by a gnoll sergeant
             ... wielding a +0 spear
              (10 damage)
             ... on level 4 of the Dungeon.
             The game lasted 00:09:15 (3526 turns).

pilgrim the Shooter (Deep Elf Hunter)               Turns: 3526, Time: 00:09:16

Health: -3/42      AC:  4    Str: 11    XL:     7   Next: 75%
Magic:  9/9        EV: 14    Int: 16    God:    Okawaru [*.....]
Gold:   167        SH:  0    Dex: 15    Spells: 6/6 levels left

rFire    . . .     SeeInvis +   b - +2 short sword (venom)
rCold    . . .     Faith    .   (no shield)
rNeg     . . .     Spirit   .   c - +0 leather armour
rPois    .         Reflect  .   (no helmet)
rElec    .         Harm     .   (no cloak)
rCorr    .         Rampage  .   (no gloves)
Will     .....                  f - +0 pair of boots
Stlth    +++.......             e - amulet of regeneration
HPRegen  1.14/turn              k - ring of see invisible
MPRegen  0.11/turn              (no ring)

@: no status effects
A: no striking features
a: Renounce Religion, Heroism


You were on level 4 of the Dungeon.
You worshipped Okawaru.
Okawaru was aware of your devotion.
You visited 2 branches of the dungeon, and saw 6 of its levels.

You collected 167 gold pieces.

Inventory:

Hand Weapons
 a - a +1 shortbow
 b - a +2 short sword of venom (weapon)
Missiles
 d - 41 arrows
Armour
 c - a +0 leather armour (worn)
 f - a +0 pair of boots (worn)
Jewellery
 e - an amulet of regeneration (around neck)
 k - a ring of see invisible (left hand)
Wands
 n - a wand of polymorph (9)
Scrolls
 g - a scroll of teleportation {unknown}
 h - a scroll of silence {unknown}
 i - a scroll of vulnerability {unknown}
 l - a scroll of enchant weapon {unknown}
 m - a scroll of holy word
 o - a scroll of amnesia {unknown}
 q - a scroll of noise {unknown}
 s - a scroll of fog {unknown}
 u - a scroll of summoning {unknown}
 v - a scroll of immolation {unknown}
Potions
 j - a potion of curing
 p - 2 potions of mutation {unknown}
 r - a potion of attraction {unknown}
 t - a potion of lignification {unknown}


   Skills:
 + Level 3.9 Fighting
 + Level 7.8 Bows
 + Level 5.7 Dodging
 + Level 5.7 Stealth


You had 6 spell levels left.
You didn't know any spells.
Your spell library contained the following spells:

 Spells                   Type           Power      Damage    Failure   Level
 Foxfire                  Conj/Fire      0%         2x1d4     32%         1
 Conjure Flame            Conj/Fire      0%         6-21      69%         3
 Inner Flame              Hex/Fire       0%         N/A       69%         3
 Sticky Flame             Conj/Fire      0%         2d3       97%         4
 Fireball                 Conj/Fire      0%         3d3       100%        5


Dungeon Overview and Level Annotations

Branches:
Dungeon (5/15)             Temple (1/1) D:5

Altars:
Ashenzari
Cheibriados
Dithmenos
Elyvilon
Fedhas
Gozag
Kikubaaqudgha
Makhleb
Nemelex Xobeh
Okawaru
Qazlal
Ru
Trog
Uskayaw
Xom
The Shining One

Shops:
D:2 (

Annotations:
D:5 2 transporters, exclusion: ogre, Kold's ghost, weakling DsDe


Message History

You kill the gnoll!
Okawaru accepts your kill.
The gnoll sergeant hits you from afar with a +0 spear.
The gnoll sergeant hits you with a +0 spear!
There is a stone staircase leading up, spattered with blood here.
Items here: )) ††.
You hit the gnoll sergeant but do no damage.
The gnoll sergeant is poisoned.
The gnoll sergeant barely misses you.
You hit the gnoll sergeant.
The gnoll sergeant is moderately wounded.
The gnoll sergeant hits you with a +0 spear!
The gnoll sergeant misses you.
There is a stone staircase leading up here.
You hit the gnoll.
The gnoll is poisoned.
The gnoll is lightly wounded.
The gnoll sergeant hits you with a +0 spear!
The gnoll hits you from afar with a +0 spear.
* * * LOW HITPOINT WARNING * * *
The gnoll hits you with a +0 club.
* * * LOW HITPOINT WARNING * * *
The gnoll sergeant hits you with a +0 spear.
* * * LOW HITPOINT WARNING * * *
The gnoll closely misses you.
The gnoll hits you from afar with a +0 spear.
* * * LOW HITPOINT WARNING * * *
You climb upwards.
There is a stone staircase leading down here.
You feel better.
The gnoll sergeant hits you with a +0 spear!
* * * LOW HITPOINT WARNING * * *
The gnoll barely misses you.
You feel better. The gnoll sergeant closely misses you.
The gnoll hits you with a +0 club.
* * * LOW HITPOINT WARNING * * *
You feel better.
The gnoll sergeant hits you with a +0 spear!
* * * LOW HITPOINT WARNING * * *
The gnoll closely misses you.
The gnoll sergeant hits you from afar with a +0 spear!
You die...

.. ..........# ..#
..........# ##..#
..........# ....#
..........# ....##
.........[# .....#
..........# .....##
........g.# .
......#
#.....g>..#....
......##
#......@....#
.......#
##.........##
.......#
##........#
.......##
#.......##
........# ##......#
........# ####..##
.......## #..#
........#######..##
.....##........


You could see a gnoll sergeant (poisoned) and a gnoll (very poisoned).

Vanquished Creatures
  A centaur zombie (D:5)
  A centaur (D:5)
  2 ogres (D:5)
  A scorpion (D:5)
  A water moccasin zombie (D:5)
  A hound (D:3)
  An iguana (D:5)
  3 gnolls
  A river rat (D:5)
  7 adders
  A shadow imp (D:5)
  An ufetubus (D:3)
  A worm (D:5)
  3 dart slugs
  2 orcs
  6 bats
  3 endoplasms
  3 giant cockroaches (D:1)
  3 hobgoblins
  2 jackals (D:4)
  A quokka (D:1)
  3 ball pythons
  2 frilled lizards (D:1)
  3 goblins
  5 kobolds
  2 rats
60 creatures vanquished.

Vanquished Creatures (others)
  48 plants (D:5)
48 creatures vanquished.

Grand Total: 108 creatures vanquished

Notes
Turn   | Place    | Note
-------+----------+-------------------------------------------
     0 | D:1      | pilgrim the Deep Elf Hunter began the quest for the Orb.
     0 | D:1      | Reached XP level 1. HP: 12/12 MP: 3/3
   360 | D:1      | Reached XP level 2. HP: 17/17 MP: 4/4
   940 | D:2      | Reached XP level 3. HP: 21/21 MP: 5/5
  1577 | D:2      | Found Zuajysch's Weapon Shoppe.
  1831 | D:3      | Reached XP level 4. HP: 26/26 MP: 6/6
  2035 | D:3      | Found a shadowy altar of Dithmenos.
  2134 | D:3      | Found a blossoming altar of Fedhas.
  2134 | D:3      | Found a bloodstained altar of Trog.
  2248 | D:3      | Reached skill level 6 in Bows
  2312 | D:3      | Found a broken altar of Ashenzari.
  2634 | D:3      | Reached XP level 5. HP: 23/31 MP: 7/7
  2803 | D:4      | Noticed a black bear
  2849 | D:5      | Entered Level 5 of the Dungeon
  2886 | D:5      | Noticed a centaur warrior zombie
  2887 | D:5      | Found a staircase to the Ecumenical Temple.
  2936 | D:5      | Killed a centaur warrior zombie
  2937 | D:5      | Reached skill level 7 in Bows
  2937 | D:5      | Reached XP level 6. HP: 36/37 MP: 8/8
  2950 | Temple   | Entered the Ecumenical Temple
  2976 | Temple   | Became a worshipper of Warmaster Okawaru
  3002 | D:5      | Reached skill level 5 in Dodging
  3002 | D:5      | Reached skill level 5 in Stealth
  3002 | D:5      | Reached XP level 7. HP: 17/41 MP: 9/9
  3123 | D:5      | Found a transporter.
  3124 | D:5      | Noticed Kold's ghost (weakling DsDe)
  3157 | D:5      | Found a transporter.
  3171 | D:5      | Reached * piety under Okawaru
  3526 | D:4      | Slain by a gnoll sergeant

Illustrated notes

Levels and vault maps discovered:
D:1:      scummos_arrival_gate, layout_basic, minmay_misc_feat_iff
D:2:      wander_river, layout_basic, serial_shops, shop
D:3:      layout_basic, ashenzari_conservatory_becter,
          gammafunk_temple_overflow_pools, nicolae_dithmenos_the_darkroom
D:4:      layout_cave_pods
D:5:      wad_woods_tower, layout_loops_ring, minmay_temple_entry_tees,
          gammafunk_ghost_stat_death
Temple:   eino_temple_lava

Skill      XL: |  1  2  3  4  5  6 |
---------------+-------------------+-----
Stealth        | 2 3 4 5 |  5.7
Fighting       | 2 3 |  3.9
Dodging        | 3 4 5 |  5.7
Bows           | 6 7 |  7.8

Action                   |  1- 3 |  4- 6 |  7- 9 || total
-------------------------+-------+-------+-------++-------
Melee: Short sword       |    87 |    89 |    67 ||   243
 Fire: Shortbow          |    19 |     1 |    23 ||    43
  Use: Potion            |       |     1 |     3 ||     4
       Scroll            |       |       |     1 ||     1
 Stab: Sleeping          |     4 |     2 |       ||     6
Armor: Leather armour    |    25 |    62 |    11 ||    98
Dodge: Dodged            |    54 |    91 |    50 ||   195

Table legend: (Time is in decaauts)
 A = Elapsed time spent in this place.
 B = Non-inter-level travel time spent in this place.
 C = Inter-level travel time spent in this place.
 D = Time resting spent in this place.
 E = Time spent auto-exploring this place.
 F = Levels seen in this place.
 G = Mean time per level.
                   A        B        C        D        E       F      G
               +--------+--------+--------+--------+--------+-----+--------+
         Total |   3542 |   3420 |    122 |     50 |   2671 |   6 |  590.3 |
       Dungeon |   3506 |   3392 |    114 |     50 |   2647 |   5 |  701.2 |
        Temple |     35 |     27 |      8 |      0 |     24 |   1 |   35.0 |
               +--------+--------+--------+--------+--------+-----+--------+

Top non-repeatable levels by time:
     D:2: 936 daAuts
     D:1: 860 daAuts
     D:3: 838 daAuts
     D:4: 483 daAuts
     D:5: 387 daAuts
  Temple: 35 daAuts
